Map: 로스트 앤 파운드 - 래더

Players

Rail - Winner!

  • Race: Protoss Protoss
  • League: Master
  • Spawn Location: 7:00

Rogue

  • Race: Zerg Zerg
  • Spawn Location: 1:00

Event: HomeStory Cup XVIII

VOD

Have the link to the VOD?

Description

Time

  • Played on: Nov. 22, 2018, 10:38 a.m.
  • Length: 10:13

All games in this series

Show
View Real Time Build Order
Export as new Build Order

Rail Protoss - Winner!

Build Orders: Nexus First, Archon Immortal 

Get SALT Encoding   

  12  0:00  Probe  
  13  0:12  Probe  
  14  0:18  Pylon  
  14  0:25  Probe  
  15  0:33  Probe  
  15  0:41  Probe  
  17  0:51  Probe  
  18  1:03  Nexus  
  18  1:10  Gateway  
  18  1:13  Probe  
  19  1:18  Assimilator  
  19  1:23  Assimilator  
  19  1:26  Probe  
  20  1:33  Pylon  
  20  1:39  Probe  
  21  1:48  Gateway  
  21  1:52  Pylon  
  21  1:55  Probe  
  22  2:05  Cybernetics Core  
  22  2:09  Probe  
  22  2:14  Probe  
  23  2:18  Probe  
  23  2:20  Zealot  
  23  2:22  Probe  
  27  2:26  Probe  
  28  2:30  Probe  
  28  2:35  Probe  
  30  2:40  Probe  
  30  2:42  Warp Gate  
  30  2:43  Sentry  
  34  2:47  Probe  
  34  2:48  Probe  
  35  2:56  Robotics Facility  
  35  2:58  Probe  
  36  2:59  Probe  
  38  3:08  Sentry  
  38  3:10  Probe x2  
  38  3:11  Pylon  
  42  3:18  Probe x2  
  42  3:26  Pylon, Probe x2  
  48  3:35  Assimilator  
  48  3:36  Probe  
  48  3:38  Probe, Assimilator  
  48  3:43  Immortal  
  48  3:48  Probe  
  53  3:50  Probe  
  53  3:51  Twilight Council  
  53  3:55  Forge  
  54  4:00  Probe  
  54  4:02  Probe  
  56  4:12  Pylon  
  56  4:15  Nexus  
  56  4:17  Probe  
  57  4:22  Observer  
  59  4:26  Gateway  
  59  4:27  Gateway  
  57  4:32  Charge, Protoss Ground Weapons Level 1  
  57  4:34  Probe  
  57  4:38  Probe  
  59  4:43  Shield Battery  
  59  4:44  Zealot, Sentry  
  63  4:51  Immortal  
  67  4:54  Probe  
  67  4:58  Pylon, Probe  
  69  5:07  Templar Archives  
  69  5:08  Probe  
  70  5:16  Gateway, Probe  
  70  5:17  Gateway  
  70  5:20  Probe  
  70  5:21  Pylon  
  72  5:25  Probe  
  72  5:26  Probe  
  72  5:28  Probe  
  72  5:32  Immortal  
  72  5:33  Probe  
  72  5:34  Probe  
  79  5:36  Probe  
  79  5:39  Stalker  
  84  5:43  Probe  
  84  5:44  Probe  
  84  5:47  Assimilator, Probe  
  84  5:48  Protoss Ground Weapons Level 2  
  84  5:49  Assimilator  
  87  5:52  Probe  
  87  5:55  Probe  
  89  5:58  Gateway  
  89  5:59  Probe  
  89  6:00  Gateway, High Templar x2, Probe  
  94  6:07  Pylon, Probe  
  96  6:11  Warp Prism  
  96  6:17  Probe  
  99  6:22  Pylon  
  99  6:25  Pylon  
  99  6:27  Pylon, Gateway  
  99  6:28  Gateway  
  99  6:31  High Templar x2  
  103  6:33  Archon  
  103  6:37  Pylon x2  
  103  6:39  Archon  
  103  6:40  Pylon  
  103  6:43  High Templar x2, Zealot x2  
  103  6:46  Photon Cannon  
  111  6:51  Observer  
  112  6:57  Zealot  
  112  6:58  Zealot, Archon  
  112  7:01  Pylon x2  
  116  7:02  Pylon  
  116  7:08  Nexus  
  116  7:10  Pylon  
  116  7:13  Pylon, Observer  
  116  7:15  Photon Cannon  
  117  7:18  High Templar x2, Zealot  
  117  7:22  Zealot  
  125  7:23  Archon  
  125  7:24  Zealot x2  
  125  7:27  High Templar  
  125  7:28  High Templar, Zealot  
  135  7:31  Zealot  
  135  7:33  Archon  
  132  7:40  Zealot  
  132  7:41  Zealot, Probe  
  133  7:46  Psionic Storm  
  133  7:57  Stalker  
  131  8:01  Probe  
  131  8:04  Photon Cannon  
  132  8:06  Shield Battery  
  132  8:11  Immortal  
  136  8:16  Photon Cannon  
  137  8:20  Probe  
  137  8:21  High Templar x2, Zealot  
  137  8:22  Zealot x5  
  153  8:28  Zealot x2  
  153  8:32  Robotics Facility  
  157  8:42  High Templar, Zealot  
  157  8:47  High Templar, Zealot x3  
  169  8:55  Zealot x2  
  173  8:57  Immortal  
  173  9:00  Zealot, High Templar  
  181  9:07  Zealot, Photon Cannon  
  183  9:11  Zealot x2  
  183  9:12  Zealot  
  187  9:17  Zealot x2  
  179  9:26  Archon  
  179  9:27  Zealot x2  
  179  9:28  Zealot x2  
  165  9:33  Archon  
  165  9:37  Observer  
  154  9:38  Zealot x2  
  154  9:39  Zealot x4  
  158  10:05  Zealot x3  
  158  10:06  Zealot x6  
  174  10:09  Zealot  
Show
View Real Time Build Order
Export as new Build Order

Rogue Zerg 

Build Orders: Hatch First, Lurkers 

Get SALT Encoding   

  12  0:00  Drone  
  13  0:12  Overlord  
  13  0:17  Drone  
  14  0:31  Drone  
  14  0:32  Drone  
  16  0:48  Hatchery  
  15  0:51  Drone  
  15  0:55  Drone  
  17  0:58  Drone  
  18  1:09  Extractor  
  17  1:13  Spawning Pool  
  17  1:16  Drone  
  17  1:19  Drone  
  18  1:29  Drone  
  19  1:39  Drone  
  20  1:51  Drone  
  21  2:00  Queen x2  
  25  2:02  Zergling x2  
  25  2:04  Zergling x2  
  27  2:11  Overlord  
  27  2:13  Metabolic Boost  
  27  2:24  Drone  
  28  2:30  Drone x2  
  28  2:33  Drone  
  28  2:34  Drone  
  32  2:42  Hatchery  
  31  2:47  Drone x2  
  33  2:54  Pneumatized Carapace  
  33  2:57  Overlord  
  33  3:04  Drone  
  33  3:05  Drone  
  35  3:06  Drone  
  36  3:16  Drone  
  36  3:17  Drone x5  
  42  3:27  Overlord  
  42  3:29  Drone  
  43  3:39  Drone  
  44  3:45  Queen x2, Overlord  
  44  3:46  Drone  
  44  3:47  Drone x2  
  51  3:48  Drone  
  51  3:54  Drone  
  53  3:59  Drone x2  
  55  4:05  Drone  
  55  4:06  Spore Crawler  
  55  4:11  Zergling x4  
  55  4:14  Zergling x12  
  63  4:17  Queen  
  63  4:18  Overlord  
  63  4:22  Lair  
  65  4:27  Drone  
  65  4:29  Overlord  
  66  4:31  Spore Crawler  
  66  4:35  Drone  
  66  4:36  Overlord  
  66  4:40  Extractor x2, Drone x2  
  66  4:48  Drone x5  
  66  4:51  Drone  
  72  4:55  Drone  
  72  4:56  Drone x5  
  72  4:58  Extractor x2  
  72  4:59  Drone x2  
  78  5:00  Evolution Chamber  
  78  5:02  Overlord  
  77  5:09  Drone  
  78  5:15  Drone x2  
  78  5:16  Extractor  
  78  5:20  Drone  
  80  5:26  Hatchery  
  80  5:28  Drone x3  
  82  5:29  Drone  
  82  5:30  Drone x7  
  82  5:31  Zerg Missile Weapons Level 1  
  82  5:33  Hydralisk Den  
  82  5:34  Drone  
  90  5:37  Overseer  
  90  5:40  Overlord  
  90  5:41  Overseer, Overlord  
  90  5:46  Overlord  
  90  5:57  Drone x3  
  90  5:58  Overlord  
  90  6:01  Extractor  
  92  6:05  Extractor  
  92  6:08  Drone, Grooved Spines  
  92  6:09  Hydralisk  
  92  6:10  Lurker Den, Hydralisk x6  
  105  6:12  Drone x2  
  105  6:15  Hydralisk  
  109  6:19  Overlord  
  109  6:21  Overseer  
  109  6:31  Overlord  
  109  6:34  Hydralisk x4  
  117  6:42  Drone x2, Hatchery  
  117  6:46  Drone x5  
  117  6:47  Drone x2  
  124  6:56  Hydralisk x4  
  124  7:00  Overlord  
  132  7:03  Hydralisk x2  
  135  7:10  Hydralisk x5  
  145  7:16  Zergling x12  
  148  7:22  Muscular Augments  
  148  7:24  Zergling x12  
  153  7:32  Overlord  
  153  7:33  Overlord x2  
  153  7:35  Overlord  
  152  7:40  Overlord  
  151  7:47  Lurker  
  151  7:48  Overlord  
  151  7:49  Zerg Missile Weapons Level 2  
  150  7:56  Lurker x8  
  150  7:57  Lurker  
  150  7:58  Zergling x26  
  169  8:02  Overlord  
  171  8:09  Hydralisk x4  
  179  8:22  Hydralisk x6  
  179  8:24  Drone x2  
  179  8:25  Drone  
  194  8:30  Lurker  
  194  8:33  Extractor  
  192  8:35  Extractor  
  180  8:42  Lurker x3  
  180  8:45  Zergling x28  
  197  8:52  Infestation Pit  
  197  8:53  Lurker  
  197  8:59  Drone  
  197  9:01  Spine Crawler  
  197  9:02  Drone x2  
  199  9:03  Drone  
  199  9:04  Spine Crawler  
  199  9:06  Lurker  
  200  9:11  Spine Crawler  
  200  9:12  Drone  
  193  9:18  Hydralisk x4  
  193  9:20  Overlord  
  192  9:29  Hydralisk  
  167  9:37  Hydralisk x8, Lurker x4  
  135  9:41  Zergling x2  
  135  9:42  Zergling x2  
  135  9:43  Zergling x2  
  135  9:44  Zergling x2  
  137  9:49  Hydralisk, Zergling x10  
  137  9:50  Zergling x2  
  137  9:51  Zergling x4  
  138  9:54  Lurker x4  
  138  9:58  Lurker  
Tags
 
Add a new tag
Caveats
  • Supply blocks, unpowered buildings, or Contaminate may cause inaccurate times.
  • Supply counts are checked every 10 seconds.